 Dungeon Crawl Stone Soup version 0.14-a0-1266-g856eec9 (webtiles) character file.

264752 4tharraofdagon the Brawler (level 20, -2/188 HPs)
             Began as a Naga Monk on Dec 3, 2013.
             Was a Priest of Zin.
             Slain by an acid blob (22 damage)
             ... on Level 5 of the Pits of Slime.
             The game lasted 04:25:28 (29112 turns).

4tharraofdagon the Brawler (Naga Monk)             Turns: 29112, Time: 04:25:28

HP  -2/188       AC 33     Str 25      XL: 20   Next:  3%
MP  22/34        EV 24     Int 10 (16) God: Zin [***...]
Gold 668         SH 26     Dex 23      Spells:  8 memorised,  2 levels left

rFire  + . .     SeeInvis +       - Unarmed
rCold  . . .     Clarity  .     I - +8 chain mail of Wunu {rF+ Dam+6}
rNeg   . . .     Conserve .     E - -2 shield {reflect}
rPois  +         rCorr    +     g - +0 visored helmet
rElec  .         rRot     .     K - -2 cloak
SustAb . .       Spirit   .     A - +2 pair of fencer's gloves {EV+3 Dex+3 Acc+8}
rMut   .         Warding  .     m - +0 naga barding
Saprov . . .     Stasis   .     n - amulet of resist corrosion
                                d - +5 ring of evasion
                                H - +5 ring of evasion

@: vitalised, very slow, very resistant to hostile enchantments, extremely
unstealthy
A: spit poison, constrict 1, see invisible, deformed body, fast metabolism 2,
poison resistance, slowness 2, strong 1, AC +6
a: Spit Poison, Recite, Vitalisation, Imprison, Renounce Religion
}: 2/15 runes: decaying, serpentine


You were on level 5 of the Pits of Slime.
You worshipped Zin.
Zin was most pleased with you.
You were not hungry.

You visited 9 branches of the dungeon, and saw 51 of its levels.
You visited the Abyss 1 time.
You also visited: Volcano.

You collected 5403 gold pieces.
You spent 4291 gold pieces at shops.
You donated 444 gold pieces.

Inventory:

Armour
 g - a +0 visored helmet (worn)
 l - a +2 orcish cloak of preservation
 m - a +0 naga barding (worn)
 x - a +0 troll leather armour
 A - the +2 pair of fencer's gloves (worn) {EV+3 Dex+3 Acc+8}
   (You bought it in a shop on level 4 of the Orcish Mines)

   It affects your evasion (+3).
   It affects your dexterity (+3).
   It affects your accuracy (+8).
 E - a -2 shield of reflection (worn)
 I - the +8 chain mail of Wunu (worn) {rF+ Dam+6}
   (You bought it in a shop on level 4 of the Orcish Mines)

   It affects your damage-dealing abilities (+6).
   It protects you from fire.
 K - a -2 cloak (worn)
Magical devices
 b - a wand of teleportation (0)
 j - a wand of digging (11)
 w - a wand of disintegration (14)
 C - a wand of hasting (2)
 T - a wand of disintegration (4)
Comestibles
 q - 11 meat rations
 t - a bread ration
Scrolls
 f - a scroll of teleportation
 h - 3 scrolls of identify
 o - 8 scrolls of immolation
 B - a scroll of fog
 D - 15 scrolls of remove curse
 L - 3 scrolls of blinking
 O - 6 scrolls of magic mapping
Jewellery
 c - an uncursed amulet of conservation
 d - a +5 ring of evasion (right hand)
 i - an uncursed ring of protection from fire
 n - an amulet of resist corrosion (around neck)
 p - an uncursed ring of ice
 r - an uncursed ring of sustain abilities
 G - an uncursed ring of wizardry
 H - a +5 ring of evasion (left hand)
 N - an uncursed ring of flight
 P - an uncursed amulet of clarity
 Q - an uncursed ring of positive energy
 V - an uncursed ring of ice
Potions
 a - a potion of resistance
 k - 4 potions of restore abilities
 s - a potion of berserk rage
 u - 7 potions of brilliance
 v - a potion of might
 z - 2 potions of magic
 J - a potion of agility
 R - a potion of speed
 U - 12 potions of curing
 W - 6 potions of heal wounds
 Z - a potion of flight
Books
 Y - a book of the Warp

   Spells                             Type                      Level
   Recall                             Summoning/Translocation      3
   *Control Teleport                  Charms/Translocation         4
   *Phase Shift                       Translocation                5
   Warp Weapon                        Charms/Translocation         5
   Dispersal                          Translocation                6
   Controlled Blink                   Translocation                7
   Disjunction                        Translocation                8
Magical staves
 F - an uncursed staff of air
Miscellaneous
 y - a fan of gales (inert)
 M - a box of beasts
 S - a bottled efreet
 X - a lamp of fire (inert)


   Skills:
 + Level 13.5 Fighting
 + Level 11.2 Armour
 + Level 9.7 Dodging
 - Level 3.0 Stealth
 + Level 11.1 Shields
 * Level 18.2 Unarmed Combat
 - Level 2.3 Spellcasting
 + Level 7.1 Charms
 + Level 4.9 Translocations
 - Level 12.4 Invocations
 + Level 11.6 Evocations


You had 2 spell levels left.
You knew the following spells:

 Your Spells              Type           Power        Failure   Level  Hunger
a - Stoneskin             Trmt/Erth      #.........   99%         2    ###....
b - Repel Missiles        Chrm/Air       #.........   43%         2    ###....
c - Infusion              Chrm           ###...       10%         1    ##.....
d - Song of Slaying       Chrm           ###.....     12%         2    ###....
e - Shroud of Golubria    Chrm/Tloc      ##........   17%         2    ###....
f - Flight                Chrm/Air       #.........   83%         3    ####...
g - Control Teleport      Chrm/Tloc      ##........   89%         4    #####..
h - Phase Shift           Tloc           ##........   100%        5    ######.


Dungeon Overview and Level Annotations

Branches:
Dungeon (16/16)            Temple (1/1) D:7             Orc (4/4) D:11
    Elf (3/3) Orc:4          Lair (8/8) D:9           Swamp (5/5) Lair:4
  Snake (5/5) Lair:3        Slime (6/6) Lair:6       Vaults (0/5) D:15
 Depths (3/6) D:16

Altars:
Ashenzari
Cheibriados
Elyvilon
Fedhas
Makhleb
Nemelex Xobeh
Okawaru
Sif Muna
Trog
Vehumet
Xom
Yredelemnul
Zin
the Shining One
Beogh

Shops:
D:2 *   Orc:3 !   Orc:4 ([?/   Elf:1 /   Elf:2 /   Snake:1 !

Portals:
Hell: Depths:1 Depths:3

Annotations:
D:2 Terence
D:6 Dowan, Duvessa, Menkaure
D:7 Joseph
D:8 Yermak's ghost, powerful FoFi
Lair:4 HYDRA POND
Slime:6 Royal Jelly
Depths:1 Mennas


Innate Abilities, Weirdness & Mutations

You cannot wear boots.
You can spit poison.
You can use your snake-like lower body to constrict enemies.
Your serpentine skin is tough (AC +6).
You have supernaturally acute eyesight.
Armour fits poorly on your strangely shaped body.
Your system is resistant to poisons.
You cover ground very slowly.
You have a very fast metabolism.
Your muscles are strong. (Str +2)


Message History

There is a stone staircase leading down here.
Unknown command.
You pummel the acid blob!!
The acid blob is moderately wounded.
You block the acid blob's attack.
You punch the acid blob!
The acid blob is moderately wounded.
The acid blob spits acid at you. The splash of acid hits you! You resist.
The acid burns!
You resist.
* * * LOW HITPOINT WARNING * * *
A slime creature comes into view.
You squash the acid blob like a bug!!!
The acid blob is severely wounded.
The acid blob spits acid at you. The splash of acid hits you! You resist.
The acid burns!
You resist.
* * * LOW HITPOINT WARNING * * *
You pummel the acid blob!!
The acid blob is almost dead.
The acid blob hits you!
You die...

# . #.#....
.....#..
#......J.
#......J..
##.........
#..........
##...........
#..J@........
#...J......#.
...............
..............#
..............#
.....#.......
...........
......##. #..


You could see an acid blob, 2 slime creatures and a jelly.

Vanquished Creatures
  Saint Roka (Orc:4)
  9 acid blobs
  3 deep elf blademasters (Elf:3)
  3 deep elf master archers (Elf:3)
  Rupert (D:15)
  Roxanne (Swamp:1)
  Donald (Orc:4)
  5 azure jellies
  3 deep elf sorcerers (Elf:3)
  Louise (Snake:2)
  2 orc warlords (Depths:3)
  Gastronok (D:11)
  A draconian annihilator (Abyss:2)
  9 greater nagas
  An eidolon (Abyss:2)
  A deep elf demonologist (Elf:3)
  5 deep elf annihilators (Elf:3)
  A death ooze (Slime:2)
  Snorg (D:14)
  4 deep elf death magi (Elf:3)
  A minotaur (D:16)
  A salamander (Snake:4)
  4 ettins
  A deep elf high priest (Elf:3)
  4 fire dragons
  A yaktaur captain (Depths:3)
  Fannar (D:16)
  6 anacondas
  20 hydras
  A deep troll shaman (Lair:8)
  3 ogre magi
  A large abomination (Elf:3)
  8 death yaks
  A tengu warrior (D:16)
  2 rakshasas (Depths:1)
  4 alligators
  2 orc high priests (Orc:4)
  17 naga warriors
  2 very ugly things (Depths:1)
  Urug (Orc:2)
  A soul eater (Depths:1)
  A fire crab (shapeshifter) (Depths:3)
  2 centaur warriors (D:13)
  A catoblepas (Lair:8)
  2 hell knights (Depths:3)
  A skeletal warrior (D:15)
  An iron troll (Orc:3)
  Erolcha (D:10)
  An anaconda zombie (Abyss:2)
  10 deep elf knights
  5 swamp dragons
  9 giant amoebae
  A necromancer (Depths:3)
  5 hill giants
  A giant orange brain (Slime:6)
  4 harpies (D:16)
  4 oklob plants (Lair:6)
  2 lindwurms
  An unseen horror (D:11)
  12 deep elf conjurers
  10 orc knights
  3 shining eyes
  2 griffons
  5 orc sorcerers
  A stone giant zombie (D:16)
  A harpy (shapeshifter) (Depths:3)
  A draconian (D:8)
  2 cyclopes
  7 elephants (Lair:8)
  2 guardian serpents
  9 deep elf summoners
  29 black mambas
  Psyche (D:10)
  A smoke demon (Depths:2)
  A hellwing (Abyss:2)
  8 spiny frogs
  A troll (shapeshifter) (Depths:3)
  23 naga magi
  An ancient zyme (Abyss:2)
  An elf (shapeshifter) (D:16)
  8 fire drakes
  2 demonic crawlers
  A wolf spider simulacrum (D:16)
  A giant firefly (shapeshifter) (Depths:3)
  11 yaktaurs
  A jumping spider (Elf:2)
  4 deep elf priests
  A yaktaur (shapeshifter) (Depths:3)
  7 komodo dragons
  6 giant leeches
  6 trolls
  12 two-headed ogres
  A boulder beetle (Lair:8)
  A hydra skeleton (D:11)
  8 ravens
  51 slime creatures
  8 bog bodies
  8 brown oozes
  21 ugly things
  4 baby alligators (Swamp:1)
  2 basilisks
  13 deep elf magi
  22 blink frogs
  A grizzly bear (Lair:8)
  A guardian serpent skeleton (Abyss:2)
  2 shadows
  16 yaks
  A chaos spawn (Abyss:2)
  8 sharks
  A wraith (D:10)
  13 humans
  A redback (Elf:3)
  A griffon skeleton (D:13)
  4 hill giant zombies
  An elephant slug (Lair:6)
  22 deep elf fighters
  2 steam dragons (Swamp:5)
  7 golden eyes
  Grum (Orc:2)
  3 wyverns
  11 hippogriffs
  A hungry ghost (D:11)
  2 manticores
  16 wolves
  44 vampire mosquitoes
  29 swamp worms
  2 neqoxecs
  3 mottled dragons (Swamp:5)
  6 hell hounds
  4 small abominations (Abyss:2)
  4 porcupines
  41 nagas
  2 phantoms
  6 swamp drakes
  An ice beast (Elf:1)
  5 giant goldfish
  4 tengu (D:16)
  3 black bears
  24 ogres
  56 orc warriors
  14 centaurs
  A fire dragon simulacrum (D:16)
  4 lava worms (Swamp:5)
  A fire bat (shapeshifter) (Depths:1)
  A fire bat (Abyss:2)
  Sigmund (D:2)
  4 big kobolds
  6 giant slugs
  8 wargs
  11 crocodiles
  2 gnoll sergeants
  A brain worm (D:16)
  18 water moccasins
  Blork the orc (D:7)
  17 giant frogs
  7 insubstantial wisps
  9 agate snails
  A wyvern skeleton (D:14)
  A wyvern zombie (D:9)
  7 eyes of draining
  7 wights
  5 jellyfish
  20 killer bees
  6 lava fish
  5 goliath beetles
  3 lava snakes
  A yak skeleton (D:13)
  5 electric eels
  10 crimson imps
  5 hounds
  A giant frog skeleton (D:7)
  10 jellies
  A soldier ant zombie (D:14)
  3 iron imps (Depths:1)
  3 scorpions
  8 big fish
  22 orc priests
  3 iguanas
  23 orc wizards
  A shapeshifter simulacrum (Abyss:2)
  11 sheep
  7 worker ants
  Ijyb (D:6)
  A mottled dragon zombie (D:16)
  A hound zombie (D:9)
  A hound skeleton (D:4)
  7 gnolls
  66 green rats
  A lemure (Depths:1)
  20 adders
  A shadow imp (Depths:1)
  4 giant centipedes
  A giant mite (D:8)
  5 white imps
  An inept feature mimic (D:2)
  2 worms
  5 giant eyeballs
  8 giant geckos
  5 oozes
  189 orcs
  14 bats
  2 giant cockroaches
  16 goblins
  15 hobgoblins
  27 jackals
  8 quokkas
  7 ball pythons
  2 giant newts
  A giant spore (D:16)
  A hobgoblin skeleton (D:5)
  22 kobolds
  A kobold skeleton (D:6)
  An orc skeleton (D:9)
  5 orc zombies (Orc:4)
  8 rats
  5 ballistomycetes
  A crawling corpse (Elf:3)
  A fungus (Swamp:5)
1588 creatures vanquished.

Vanquished Creatures (collateral kills)
  Norris (Snake:3)
  2 hydras (Depths:1)
  2 death yaks (Lair:8)
  An eye of devastation (Slime:6)
  A two-headed ogre (D:15)
  4 slime creatures (Slime:6)
  4 humans (D:15)
  An ogre (Orc:3)
  A warg (Orc:3)
  A pulsating lump (Slime:6)
  An orc priest (Orc:3)
  A giant eyeball (Slime:6)
  An orc (Orc:3)
21 creatures vanquished.

Vanquished Creatures (others)
  A hydra (Swamp:5)
  An ogre mage (D:15)
  A swamp dragon (Swamp:5)
  An elephant (Lair:8)
  A fire drake (Swamp:5)
  2 air elementals
  A hydra zombie (D:8)
  3 fire elementals
  A hill giant skeleton (D:8)
  2 steam dragons (Swamp:5)
  2 vampire mosquitoes (Swamp:5)
  4 swamp drakes (Swamp:5)
  A naga (Snake:5)
  An electric eel (Swamp:1)
  A jelly (Slime:6)
  A big fish (Lair:4)
  A scorpion (D:8)
  An orc zombie (Orc:4)
  2 giant spores
  A ballistomycete (D:13)
  13 fungi
  12 plants
54 creatures vanquished.

Grand Total: 1663 creatures vanquished

Notes
Turn   | Place    | Note
--------------------------------------------------------------
     0 | D:1      | 4tharraofdagon, the Naga Monk, began the quest for the Orb.
     0 | D:1      | Reached XP level 1. HP: 21/21 MP: 1/1
    83 | D:2      | Reached XP level 2. HP: 18/28 MP: 2/2
    94 | D:2      | Noticed Terence
   179 | D:2      | Found Zin's Purification Station.
   225 | D:2      | Found a glowing silver altar of Zin.
   229 | D:2      | Became a worshipper of Zin the Law-Giver
   229 | D:2      | Acquired Zin's first power
   229 | D:2      | Acquired Zin's second power
   261 | D:2      | hurdos: hm ... you got Zin :)
   264 | D:2      | Reached XP level 3. HP: 34/34 MP: 3/3
   346 | D:2      | 4tharraofdagon: i absolutely dont know why did i take him
   368 | D:2      | Noticed Sigmund
   383 | D:2      | Killed Sigmund
   383 | D:2      | Reached skill level 1 in Armour
   383 | D:2      | Reached skill level 5 in Unarmed Combat
   383 | D:2      | Reached skill level 1 in Invocations
   383 | D:2      | Reached XP level 4. HP: 25/44 MP: 4/4
   542 | D:3      | hurdos: maybe because Zin was the first :)
   727 | D:3      | Reached XP level 5. HP: 46/50 MP: 6/6
  1105 | D:5      | Entered Level 5 of the Dungeon
  1106 | D:5      | Found a radiant altar of Vehumet.
  1112 | D:5      | Noticed a hippogriff
  1133 | D:5      | Killed a hippogriff
  1133 | D:5      | Reached skill level 1 in Shields
  1133 | D:5      | Reached XP level 6. HP: 19/57 MP: 7/7
  1163 | D:5      | Noticed a phantom
  1363 | D:7      | Reached skill level 6 in Unarmed Combat
  1363 | D:7      | Reached XP level 7. HP: 28/66 MP: 7/9
  1473 | D:6      | Noticed Menkaure
  1473 | D:6      | Noticed Ijyb
  1524 | D:7      | Found a glowing golden altar of the Shining One.
  1540 | D:7      | Found a radiant altar of Vehumet.
  1711 | D:7      | hurdos: How are you searching result of DgNe with title?
  1760 | D:7      | 4tharraofdagon: just
  1760 | D:7      | 4tharraofdagon: top scores
  1760 | D:7      | 4tharraofdagon: http://crawl.akrasiac.org/scoring/top-N.html
  1760 | D:7      | 4tharraofdagon: ctrl+f and type God of death
  1867 | D:7      | Found a staircase to the Ecumenical Temple.
  1877 | Temple   | Entered the Ecumenical Temple
  1887 | Temple   | hurdos: hm ...
  1985 | D:7      | Reached XP level 8. HP: 34/73 MP: 13/13
  1986 | D:7      | Acquired Zin's third power
  2016 | D:7      | Reached skill level 5 in Fighting
  2202 | D:4      | Noticed a phantom
  2299 | D:5      | 4tharraofdagon: you are true god of death now
  2299 | D:5      | 4tharraofdagon: :D
  2350 | D:5      | timbw: i splatted my troll
  2361 | D:6      | timbw: man trolls are worthless
  2370 | D:6      | Reached skill level 7 in Unarmed Combat
  2378 | D:6      | timbw: you cant get even decent defenses
  2386 | D:6      | 4tharraofdagon: yep
  2386 | D:6      | timbw: and their offence isnt that great either tbh
  2386 | D:6      | 4tharraofdagon: if they would merge ogres and trolls they will still suck
  2386 | D:6      | timbw: i think u have to go oka or chei
  2405 | D:6      | Found a sparkling altar of Nemelex Xobeh.
  2465 | D:6      | timbw: at least i found good rings in elf so i know rng is on my side this week
  2468 | D:6      | Noticed Dowan
  2469 | D:6      | Noticed Duvessa
  2558 | D:6      | Killed Ijyb
  2578 | D:6      | TomPliss: kill all the uniques ! :D
  2711 | D:7      | Noticed Blork the orc
  2720 | D:7      | Killed Blork the orc
  2779 | D:7      | TomPliss: not getting Blork's robe ?
  2862 | D:7      | Reached XP level 9. HP: 52/82 MP: 16/16
  2898 | D:7      | Noticed Joseph
  3018 | D:8      | Found a white marble altar of Elyvilon.
  3118 | D:8      | Found a snail-covered altar of Cheibriados.
  3129 | D:8      | Reached skill level 8 in Unarmed Combat
  3197 | D:8      | Noticed Yermak's ghost (powerful FoFi)
  3198 | D:8      | hurdos: LOL, 1 kobold 5.72% 156202 kills :)
  3257 | D:8      | Noticed a draconian
  3289 | D:8      | Killed a draconian
  3289 | D:8      | Reached skill level 5 in Invocations
  3459 | D:8      | Reached skill level 9 in Unarmed Combat
  3574 | D:8      | timbw: they wreck Wz
  3639 | D:8      | HP: 3/85 [hill giant skeleton/exploding inner flame (24)]
  3660 | D:8      | timbw: do clouds rremain in imprison?
  3674 | D:7      | 4tharraofdagon: yes
  3895 | D:8      | Reached XP level 10. HP: 60/92 MP: 18/18
  4068 | D:9      | Found a staircase to the Lair.
  4230 | Lair:1   | Entered Level 1 of the Lair of Beasts
  4346 | Lair:1   | Noticed a seven-headed hydra
  4353 | Lair:1   | hurdos: it is the end :)
  4901 | D:10     | Entered Level 10 of the Dungeon
  5041 | D:10     | Noticed Erolcha
  5068 | D:10     | Killed Erolcha
  5068 | D:10     | Reached skill level 10 in Unarmed Combat
  5313 | D:10     | Reached skill level 5 in Shields
  5348 | D:10     | Noticed Psyche
  5362 | D:10     | Killed Psyche
  5362 | D:10     | Reached skill level 5 in Armour
  5516 | D:11     | Found a staircase to the Orcish Mines.
  5516 | D:11     | Noticed an unseen horror
  5527 | D:11     | Killed an unseen horror
  5562 | D:11     | Reached XP level 11. HP: 96/102 MP: 21/21
  5712 | Lair:1   | Killed a seven-headed hydra
  6047 | Lair:2   | Reached skill level 11 in Unarmed Combat
  6297 | Lair:3   | Reached skill level 1 in Spellcasting
  6643 | Lair:3   | Yermak: lol, 13 EV when you have +10 binus
  6667 | Lair:3   | Mitsuki: Hello guys, can anybody advise why my DdFi lost max mana? It's 0/0 now.. No mutations, no eq effects..
  6678 | Lair:3   | Yermak: hmm
  6689 | Lair:4   | Yermak: y be it was changed recently?
  6705 | Lair:4   | Mitsuki: yes
  6711 | Lair:4   | Mitsuki: but i dont have log
  6724 | Lair:4   | Mitsuki: sometimes it returns back randomly
  6747 | Lair:4   | Mitsuki: and then dissapears again
  6751 | Lair:4   | Daniel: antimagic weapon?
  6763 | Lair:4   | Daniel: guardin spirit item?
  6767 | Lair:4   | Mitsuki: in inventory not wielded antimagic
  6800 | Lair:4   | Mitsuki: will try to drop it away
  6804 | Lair:4   | Mitsuki: thx!
  6804 | Lair:4   | Daniel: well
  6826 | Lair:4   | Yermak: Once I had a bug:
  6833 | Lair:3   | Daniel: it should not cause that in the inventtory
  6892 | Lair:3   | Yermak: I was wielding antimagic weapon and changed its brand to another via brand scroll
  6900 | Lair:3   | Yermak: and I didn't get my mana back
  6973 | Lair:3   | timbw: i saw a bug on Dj
  6975 | Lair:3   | timbw: a guy got rotted and then lvled up
  6989 | Lair:3   | timbw: it said 84(83)
  7017 | Lair:3   | timbw: rather then 83(84) which would be normal
  7031 | Lair:3   | Identified the Catalogue of Dark Magic and Stones
  7035 | Lair:3   | timbw: and when he cured it he had 83 hp
  7258 | Lair:6   | Reached skill level 1 in Evocations
  7627 | Lair:7   | Reached XP level 12. HP: 102/112 MP: 22/22
  7690 | Lair:8   | Entered Level 8 of the Lair of Beasts
  7765 | Lair:8   | Reached skill level 12 in Unarmed Combat
  7975 | Lair:8   | Ladykiller69: is it hard to abuse Na stealth apt?
  8025 | Lair:8   | Ladykiller69: also any specific reason for NaMo?
  8062 | Lair:8   | 4tharraofdagon: no
  8062 | Lair:8   | 4tharraofdagon: just random combos
  8083 | Lair:8   | Ladykiller69: actually random?
  8083 | Lair:8   | 4tharraofdagon: no,i've chosen this
  8083 | Lair:8   | 4tharraofdagon: but have bnotgibg specific in my mind
  8122 | Lair:8   | Noticed a death yak
  8124 | Lair:8   | Noticed a death yak
  8137 | Lair:8   | Noticed a death yak
  8139 | Lair:8   | Noticed a death yak
  8399 | Lair:8   | Noticed a death yak
  8400 | Lair:8   | Noticed a death yak
  8400 | Lair:8   | Noticed a death yak
  8401 | Lair:8   | Noticed a death yak
  8434 | Lair:8   | Killed a death yak
  8449 | Lair:8   | Killed a death yak
  8645 | Lair:8   | HP: 3/114 [death yak (22)]
  8650 | Lair:8   | Killed a death yak
  8650 | Lair:8   | Reached XP level 13. HP: 21/121 MP: 24/24
  8661 | Lair:8   | at last
  8870 | Lair:8   | Noticed a death yak
  8870 | Lair:8   | Noticed a death yak
  8910 | Lair:8   | Killed a death yak
  8936 | Lair:7   | Noticed a lindwurm
  8947 | Lair:7   | Killed a lindwurm
  9234 | Lair:8   | Tolias: fan of gales
  9245 | Lair:8   | Killed a death yak
  9252 | Lair:8   | Killed a death yak
  9349 | Lair:8   | timbw: beastmaster
  9351 | Lair:8   | Tolias: infusion is also very good with UC
  9442 | Lair:8   | Noticed a deep troll shaman
  9453 | Lair:8   | Killed a deep troll shaman
  9453 | Lair:8   | Reached skill level 13 in Unarmed Combat
  9502 | Lair:8   | timbw: what
  9504 | Lair:8   | timbw: no beastmaster?!
  9535 | Lair:8   | timbw: u didnt get a troll here?
  9621 | Lair:8   | Reached skill level 5 in Evocations
 10360 | D:11     | Noticed Gastronok
 10363 | D:11     | :(
 10387 | D:11     | Killed Gastronok
 10415 | D:11     | timbw: lol
 10420 | D:11     | timbw: storm dragon
 10461 | D:11     | Daniel: strom naga*
 10476 | D:11     | Daniel: shit
 10482 | D:11     | Daniel: :D
 10594 | D:12     | 4tharraofdagon: haha
 10594 | D:12     | Tolias: wtf do you eat with a zin naga
 10594 | D:12     | 4tharraofdagon: i need lightning scales for that
 10614 | D:12     | 4tharraofdagon: i eat beer
 10614 | D:12     | 4tharraofdagon: its better than food because you donbt have to chew
 10614 | D:12     | Tolias: best diet
 10628 | D:13     | Tolias: spice it up with some rum
 10696 | D:14     | Daniel: liquid bread is the best bread
 11066 | D:14     | Found a roughly hewn altar of Beogh.
 11073 | D:14     | Reached skill level 10 in Fighting
 11177 | D:14     | Noticed Snorg
 11527 | Orc:1    | Entered Level 1 of the Orcish Mines
 11638 | Orc:1    | Reached XP level 14. HP: 88/132 MP: 27/27
 11695 | Orc:1    | Acquired Zin's fourth power
 11883 | Orc:2    | Noticed Urug
 11904 | Orc:2    | Killed Urug
 11983 | Orc:2    | Noticed Grum
 12013 | Orc:2    | Killed Grum
 12141 | Orc:3    | Found Chattame's Distillery.
 12265 | Orc:3    | Reached skill level 5 in Dodging
 12627 | Orc:3    | Bought a potion of curing for 28 gold pieces
 12627 | Orc:3    | Bought a potion of heal wounds for 42 gold pieces
 12627 | Orc:3    | Bought a potion of curing for 28 gold pieces
 12627 | Orc:3    | Bought a potion of curing for 28 gold pieces
 12627 | Orc:3    | Bought a potion of heal wounds for 42 gold pieces
 12627 | Orc:3    | Bought a potion of agility for 35 gold pieces
 12627 | Orc:3    | Bought a potion of curing for 28 gold pieces
 12637 | Orc:4    | Entered Level 4 of the Orcish Mines
 12780 | Orc:4    | Found a roughly hewn altar of Beogh.
 12889 | Orc:4    | Found a roughly hewn altar of Beogh.
 12927 | Orc:4    | Found a staircase to the Elven Halls.
 12933 | Orc:4    | Noticed Donald
 12951 | Orc:4    | Killed Donald
 13002 | Orc:4    | Found a roughly hewn altar of Beogh.
 13024 | Orc:4    | Paralysed by an orc sorcerer for 2 turns
 13037 | Orc:4    | Found Kemnoc's Magical Wand Shoppe.
 13255 | Orc:4    | Reached skill level 14 in Unarmed Combat
 13306 | Orc:4    | Found a roughly hewn altar of Beogh.
 13306 | Orc:4    | Found Erphadum's Magic Scroll Shop.
 13317 | Orc:4    | Bought a scroll of identify for 26 gold pieces
 13317 | Orc:4    | Bought a scroll of recharging for 71 gold pieces
 13317 | Orc:4    | Bought a scroll of magic mapping for 45 gold pieces
 13317 | Orc:4    | Bought a scroll of blinking for 71 gold pieces
 13317 | Orc:4    | Bought a scroll of blinking for 71 gold pieces
 13317 | Orc:4    | Bought a scroll of curse jewellery for 26 gold pieces
 13340 | Orc:4    | Found a roughly hewn altar of Beogh.
 13492 | Orc:4    | 4tharraofdagon: i bbl,goin for pizza
 13639 | Orc:4    | Noticed Saint Roka
 13705 | Elf:1    | Entered Level 1 of the Elven Halls
 14037 | Orc:3    | Found a dark tunnel.
 14049 | Volcano  | Entered a volcano
 14468 | Orc:3    | Bought 2 potions of paralysis for 28 gold pieces
 15149 | Elf:1    | Vidiiot: I just killed your ghost in Elf:3 ;)
 15154 | Elf:2    | 4tharraofdagon: which one
 15154 | Elf:2    | 4tharraofdagon: defe?
 15177 | Elf:2    | Vidiiot: I didnt check
 15184 | Elf:2    | Vidiiot: It was really confused though
 15458 | Elf:1    | Found Ybrink's Magical Wand Emporium.
 15460 | Elf:1    | Bought a wand of hasting (6) for 780 gold pieces
 15647 | Elf:3    | Entered Level 3 of the Elven Halls
 15687 | Elf:3    | Reached skill level 10 in Invocations
 15849 | Elf:3    | Noticed a deep elf master archer
 15849 | Elf:3    | Noticed a deep elf sorcerer
 15866 | Elf:3    | Killed a deep elf master archer
 15866 | Elf:3    | Reached XP level 15. HP: 55/140 MP: 28/28
 15877 | Elf:3    | Killed a deep elf sorcerer
 16234 | Elf:3    | Noticed a deep elf master archer
 16250 | Elf:3    | Killed a deep elf master archer
 16325 | Elf:3    | Got an ichor-stained scythe
 16330 | Elf:3    | Noticed a deep elf blademaster
 16346 | Elf:3    | Killed a deep elf blademaster
 16371 | Elf:3    | Noticed a deep elf blademaster
 16373 | Elf:3    | Noticed a deep elf sorcerer
 16388 | Elf:3    | Killed a deep elf blademaster
 16394 | Elf:3    | Killed a deep elf sorcerer
 16397 | Elf:3    | Got a dazzling swamp dragon armour
 16399 | Elf:3    | Vidiiot: artef wda
 16688 | Elf:3    | Reached skill level 15 in Unarmed Combat
 16727 | Elf:3    | Noticed a deep elf sorcerer
 16744 | Elf:3    | Killed a deep elf sorcerer
 16746 | Elf:3    | Got a wavering tin ring
 16747 | Elf:3    | hurdos: poor elfs
 16832 | Elf:3    | hurdos: wow, he was wit triple sword :)
 17162 | Elf:3    | Noticed a deep elf blademaster
 17167 | Elf:3    | Noticed a deep elf master archer
 17193 | Elf:3    | Killed a deep elf blademaster
 17207 | Elf:3    | hurdos: master fucker :)
 17208 | Elf:3    | Killed a deep elf master archer
 17538 | Elf:3    | hurdos: wow, sword of power
 17599 | Elf:3    | Got a flickering lead ring
 17614 | Elf:3    | Got a steaming plate armour
 17656 | Elf:3    | Identified the ring "Poitzo Suche" {+Fly MP+9} (You took it off a deep elf sorcerer on level 3 of the Elven Halls)
 17657 | Elf:3    | Identified the ring of Honyaw {rF- MP+9 Acc+4 Dam-5 SInv} (You found it on level 3 of the Elven Halls)
 17660 | Elf:3    | Identified the Disquisition on the Escort and the Snowflakes (You found it on level 3 of the Elven Halls)
 17731 | Elf:3    | Identified the cursed -3 plate armour of Kilikle {rN+} (You found it on level 3 of the Elven Halls)
 17810 | Elf:3    | 4tharraofdagon: yet another crap :(
 17810 | Elf:3    | hurdos: what's up?
 17810 | Elf:3    | 4tharraofdagon: look at my plain equipment
 17810 | Elf:3    | Vidiiot: Hahaha
 17855 | Elf:2    | Learned a level 2 spell: Stoneskin
 17858 | Elf:2    | Learned a level 2 spell: Repel Missiles
 17860 | Elf:2    | Learned a level 1 spell: Infusion
 17863 | Elf:2    | Learned a level 2 spell: Song of Slaying
 17866 | Elf:2    | Learned a level 2 spell: Shroud of Golubria
 17919 | Elf:1    | hurdos: it is nothing :) but I'm sad because Zin does not like regen spell
 17980 | Elf:1    | Reached XP level 16. HP: 134/150 MP: 29/29
 18030 | Elf:1    | 4tharraofdagon: my equipemtn is sad
 18135 | Elf:1    | hurdos: you should be getting Oka for equps :)
 18333 | Orc:4    | Killed Saint Roka
 18344 | Orc:4    | Found a roughly hewn altar of Beogh.
 18345 | Orc:4    | Found Yrghoyvo's Antique Weapon Shop.
 18348 | Orc:4    | Found Woremes' Antique Armour Boutique.
 18353 | Orc:4    | Bought an embroidered orcish cloak for 27 gold pieces
 18357 | Orc:4    | Identified a +2 orcish cloak of preservation (You bought it in a shop on level 4 of the Orcish Mines)
 18357 | Orc:4    | Vidiiot: There are nice equips for you ;)
 18365 | Orc:4    | 4tharraofdagon: still sucka
 18365 | Orc:4    | 4tharraofdagon: i need resistances
 18365 | Orc:4    | 4tharraofdagon: rf,rc or rn
 18365 | Orc:4    | 4tharraofdagon: just one slot
 18577 | D:13     | hurdos: I think you can win without resists :)
 18648 | D:14     | Killed Snorg
 18827 | D:15     | Entered Level 15 of the Dungeon
 18843 | D:16     | Entered Level 16 of the Dungeon
 18979 | D:16     | Noticed Fannar
 18990 | D:16     | Killed Fannar
 19272 | D:15     | Noticed Rupert
 19306 | D:15     | Killed Rupert
 19337 | D:15     | hurdos: conveyor of death
 19356 | D:15     | Found a gate to the Vaults.
 19496 | D:15     | hurdos: maybe get troll armour?
 19497 | D:15     | 4tharraofdagon: you mean hide?
 19528 | D:16     | hurdos: Did not you have ench arm?
 19546 | D:16     | hurdos: :)
 19654 | D:16     | Reached skill level 16 in Unarmed Combat
 19663 | D:16     | Reached skill level 1 in Charms
 19803 | D:16     | hurdos: Does Zin panish you for muts?
 19832 | D:16     | 4tharraofdagon: no
 20046 | D:16     | Found a staircase to the Depths.
 20056 | Depths:1 | Entered Level 1 of the Depths
 20123 | Depths:1 | Found a gateway to Hell.
 20193 | Depths:1 | Cast into the Abyss (ogre mage)
 20194 | Abyss:1  | thank god
 20235 | Abyss:2  | Found a corrupted altar of Lugonu.
 20236 | Abyss:2  | Noticed a Hell Sentinel
 20238 | Abyss:2  | hurdos: oh
 20297 | Abyss:2  | Reached XP level 17. HP: 159/159 MP: 31/31
 20343 | Abyss:2  | hurdos: who banished you?
 20345 | Abyss:2  | Found a corrupted altar of Lugonu.
 20347 | Abyss:2  | Vidiiot: Oghre mage
 20347 | Abyss:2  | Vidiiot: Ogre*
 20347 | Abyss:2  | 4tharraofdagon: ogre mage
 20461 | Abyss:2  | hurdos: there can be rune
 20469 | Abyss:2  | hurdos: I got it in holy vault
 20478 | Depths:1 | Escaped the Abyss
 20532 | Depths:1 | hurdos: Why holy things attaked you?
 20589 | Depths:1 | Vidiiot: not enough piety
 20602 | Depths:1 | hurdos: I see
 20851 | Depths:3 | hurdos: drop ice ring
 21061 | Depths:3 | Identified a scroll of acquirement
 21087 | Depths:3 | 4tharraofdagon: it can be usefull in slime
 21198 | Depths:3 | Reached skill level 10 in Evocations
 21397 | Depths:2 | Reached skill level 10 in Shields
 21448 | Depths:1 | Noticed Mennas
 22185 | Orc:3    | You fall through a shaft!
 22207 | Orc:4    | Bought the +2 pair of fencer's gloves {EV+3 Dex+3 Acc+8} for 1921 gold pieces
 22214 | Orc:4    | Bought a smoking chain mail for 544 gold pieces
 22216 | Orc:4    | Identified the cursed +8 chain mail of Wunu {rF+ Dam+6} (You bought it in a shop on level 4 of the Orcish Mines)
 22330 | Lair:1   | 4tharraofdagon: upgrade
 22375 | Lair:2   | Reached skill level 10 in Armour
 22577 | Lair:4   | Found a staircase to the Swamp.
 22591 | Swamp:1  | Entered Level 1 of the Swamp
 22974 | Swamp:1  | Noticed Roxanne
 23000 | Swamp:1  | Killed Roxanne
 23006 | Swamp:1  | Identified Roxanne's Disquisition on the Mutagenic Mountains (You took it off Roxanne on level 1 of the Swamp)
 23145 | Swamp:2  | Got a glittering brass ring
 23146 | Swamp:2  | Identified the ring of Benevolence {+Fly rPois Dex+4 Dam-4} (You found it on level 2 of the Swamp)
 23312 | Swamp:2  | Learned a level 3 spell: Flight
 23413 | Swamp:3  | Reached XP level 18. HP: 142/169 MP: 32/32
 23927 | Swamp:4  | Learned a level 4 spell: Control Teleport
 24108 | Swamp:5  | Entered Level 5 of the Swamp
 24493 | Swamp:5  | Reached skill level 17 in Unarmed Combat
 24493 | Swamp:5  | Reached skill level 5 in Charms
 24727 | Swamp:5  | Got a decaying rune of Zot
 25168 | Lair:5   | Noticed a death yak
 25172 | Lair:5   | Noticed a death yak
 25172 | Lair:5   | Noticed a death yak
 25185 | Lair:5   | Noticed a death yak
 25187 | Lair:5   | Killed a death yak
 25197 | Lair:5   | Killed a death yak
 25211 | Lair:5   | Killed a death yak
 25223 | Lair:5   | Killed a death yak
 25297 | Lair:5   | Noticed an eight-headed hydra
 25309 | Lair:5   | Killed an eight-headed hydra
 25518 | Lair:6   | Found a staircase to the Slime Pits.
 25623 | Lair:4   | Reached skill level 1 in Translocations
 25745 | Lair:4   | Noticed a seven-headed hydra
 25758 | Lair:4   | Killed a seven-headed hydra
 25899 | Lair:3   | Found a staircase to the Snake Pit.
 25924 | Snake:1  | Entered Level 1 of the Snake Pit
 26043 | Snake:2  | Noticed Louise
 26066 | Snake:2  | Killed Louise
 26079 | Snake:2  | Found an iron altar of Okawaru.
 26320 | Snake:3  | Learned a level 5 spell: Phase Shift
 26399 | Snake:3  | Noticed Norris
 26412 | Snake:3  | Killed Norris
 26993 | Snake:4  | Gained mutation: Your muscles are strong. (Str +2) [potion of mutation]
 27107 | Snake:4  | Reached XP level 19. HP: 150/178 MP: 33/33
 27113 | Snake:5  | Entered Level 5 of the Snake Pit
 27250 | Snake:5  | Ladykiller69: 4tharraofkillholes :o
 27335 | Snake:5  | 4tharraofdagon: misdrink
 27401 | Snake:5  | Got a serpentine rune of Zot
 27781 | Snake:5  | Got an encrusted crystal plate armour
 27809 | Snake:5  | Ladykiller69: nice CPA :O
 27819 | Snake:5  | Identified the +0 crystal plate armour of the Blizzard {Dex+3 Int-4} (You acquired it on level 5 of the Snake Pit)
 27820 | Snake:5  | 4tharraofdagon: yes thx
 28075 | Snake:1  | Ladykiller69: will you use it?
 28084 | Snake:1  | Found Grejao's Distillery.
 28094 | Snake:1  | Bought a potion of brilliance for 50 gold pieces
 28094 | Snake:1  | Bought a potion of magic for 140 gold pieces
 28094 | Snake:1  | Bought a potion of heal wounds for 60 gold pieces
 28094 | Snake:1  | Bought a potion of curing for 40 gold pieces
 28094 | Snake:1  | Bought a potion of curing for 40 gold pieces
 28094 | Snake:1  | Bought 2 potions of heal wounds for 120 gold pieces
 28169 | Snake:1  | 4tharraofdagon: what
 28171 | Lair:3   | 4tharraofdagon: cpa?
 28171 | Lair:3   | Ladykiller69: yeh
 28171 | Lair:3   | 4tharraofdagon: nah
 28172 | Lair:3   | 4tharraofdagon: this chain rapes
 28172 | Lair:3   | Ladykiller69: eh
 28172 | Lair:3   | 4tharraofdagon: i need regen ring to switch
 28172 | Lair:3   | Ladykiller69: you sure bout that?
 28172 | Lair:3   | 4tharraofdagon: yerp
 28172 | Lair:3   | Ladykiller69: oh
 28172 | Lair:3   | Ladykiller69: right
 28172 | Lair:3   | Ladykiller69: I red +0
 28172 | Lair:3   | Ladykiller69: it may very well do so
 28172 | Lair:3   | Vidiiot: Whats your turncount?
 28172 | Lair:3   | 4tharraofdagon: bad
 28172 | Lair:3   | Vidiiot: 28k isnt bad.
 28172 | Lair:3   | Vidiiot: ;)
 28172 | Lair:3   | 4tharraofdagon: ye well think im goin to make streak
 28172 | Lair:3   | Ladykiller69: esp for NaMo of zin
 28172 | Lair:3   | WOAT: ZIN to WIN
 28172 | Lair:3   | Ladykiller69: zin is dull
 28172 | Lair:3   | 4tharraofdagon: well ive mad one of the worst possible combos
 28172 | Lair:3   | 4tharraofdagon: zin naga uc
 28172 | Lair:3   | 4tharraofdagon: no transmut and useless vita resists
 28176 | Lair:3   | Ladykiller69: exactly
 28176 | Lair:3   | Ladykiller69: completly horrible
 28176 | Lair:3   | Ladykiller69: maybe go jiyva
 28176 | Lair:3   | Ladykiller69: if you havent gotten slime
 28176 | Lair:3   | Ladykiller69: rune
 28176 | Lair:3   | Ladykiller69: even now actually
 28176 | Lair:3   | Ladykiller69: think about it
 28311 | Lair:6   | 4tharraofdagon: rcorr doesnt stack from amu and cloak,right
 28311 | Lair:6   | Ladykiller69: doesnt
 28311 | Lair:6   | Ladykiller69: afaik
 28311 | Lair:6   | Daniel: from pres cloak?
 28311 | Lair:6   | Daniel: no
 28396 | Slime:1  | Entered Level 1 of the Pits of Slime
 28405 | Slime:1  | Ladykiller69: why no jiyva?
 28441 | Slime:1  | Paralysed by a giant eyeball for 2 turns
 28446 | Slime:1  | Paralysed by a giant eyeball for 2 turns
 28464 | Slime:2  | 4tharraofdagon: zin wrath
 28464 | Slime:2  | 4tharraofdagon: is worst from all gawds
 28464 | Slime:2  | Ladykiller69: yeh but
 28464 | Slime:2  | Ladykiller69: zin is a good god
 28464 | Slime:2  | 4tharraofdagon: ye
 28464 | Slime:2  | Ladykiller69: dont they just wrath you if you go evil?
 28464 | Slime:2  | Ladykiller69: oh
 28464 | Slime:2  | Ladykiller69: nevermind
 28464 | Slime:2  | Ladykiller69: also chaotic
 28464 | Slime:2  | 4tharraofdagon: :)
 28481 | Slime:1  | Ladykiller69: im guessing you cant switch to tso then to jiyva?
 28501 | Slime:2  | Daniel: yes he can
 28504 | Slime:2  | Gained mutation: You have a fast metabolism. [a shining eye]
 28526 | Slime:2  | Ladykiller69: but would it disable zin wrath
 28542 | Slime:3  | Daniel: nope
 28580 | Slime:4  | Reached skill level 18 in Unarmed Combat
 28801 | Slime:5  | Paralysed by a giant eyeball for 4 turns
 28809 | Slime:5  | Paralysed by a giant eyeball for 4 turns
 28901 | Slime:6  | Entered Level 6 of the Pits of Slime
 28927 | Slime:6  | bmfx: arra, do you like zin now after formicid's slow ninja game?
 28938 | Slime:6  | bmfx: or is it unrelated
 28972 | Slime:6  | 4tharraofdagon: totally unrelated
 29015 | Slime:6  | Noticed the royal jelly
 29038 | Slime:6  | Paralysed by a giant eyeball for 3 turns
 29062 | Slime:6  | Reached XP level 20. HP: 32/188 MP: 11/34
 29070 | Slime:6  | Paralysed by a giant eyeball for 2 turns
 29077 | Slime:6  | Gained mutation: You have a very fast metabolism. [a shining eye]
 29112 | Slime:5  | Slain by an acid blob

Action                   |  1- 3 |  4- 6 |  7- 9 | 10-12 | 13-15 | 16-18 | 19-21 || total
-------------------------+-------+-------+-------+-------+-------+-------+-------++-------
Melee: Unarmed           |    45 |   125 |   496 |   994 |  1633 |  2484 |   624 ||  6401
Throw: Dart              |       |     2 |       |     8 |     7 |     1 |       ||    18
Invok: Vitalisation      |     1 |     2 |     9 |    23 |    40 |    44 |     7 ||   126
       Recite            |       |       |     3 |       |       |       |       ||     3
       Imprison          |       |       |     6 |     2 |    12 |       |       ||    20
       Sanctuary         |       |       |       |       |     3 |     5 |       ||     8
 Abil: Spit Poison       |     8 |    20 |    45 |   143 |    39 |     1 |       ||   256
Evoke: Wand              |       |     1 |    23 |    46 |    27 |    25 |     6 ||   128
       fan of gales      |       |       |       |       |     2 |     1 |     1 ||     4
       lamp of fire      |       |       |       |       |     1 |     6 |     1 ||     8
  Use: Potion            |     1 |       |     6 |     6 |    15 |     5 |     6 ||    39
       Scroll            |       |     2 |    15 |    14 |    16 |    20 |     5 ||    72
 Stab: Sleeping          |     1 |       |       |       |       |    10 |       ||    11
       Confused          |       |       |     2 |       |       |       |       ||     2
       Paralysed         |       |       |       |     2 |       |       |       ||     2
       Invisible         |       |       |       |     2 |       |       |       ||     2
       Distracted        |       |       |       |       |     2 |     6 |     1 ||     9
